 Dungeon Crawl Stone Soup version 0.30.1-11-g7821555f0a (webtiles) character file.

Game seed: 13300152494639834781

90 jagang the Trooper (level 4, 0/37 HPs)
             Began as a Human Monk on Jan 3, 2024.
             Slain by Ijyb
             ... wielding a +1 dagger of holy wrath
              (2 damage)
             ... on level 3 of the Dungeon on Jan 4, 2024.
             The game lasted 00:03:46 (1567 turns).

jagang the Trooper (Human Monk)                     Turns: 1567, Time: 00:03:46

Health: 0/37       AC:  9    Str: 12    XL:     4   Next: 85%
Magic:  4/4        EV:  6    Int: 10    God:
Gold:   113        SH:  4    Dex: 17    Spells: 3/3 levels left

rFire   . . .        a - +0 falchion
rCold   . . .        h - +0 buckler
rNeg    . . .        b - +0 chain mail
rPois   .            (no helmet)
rElec   .            (no cloak)
rCorr   .            k - +0 pair of gloves
SInv    .            (no boots)
Will    .....        (no amulet) Stlth
                     (no ring)
HPRegen 0.26/turn    (no ring)
MPRegen 0.09/turn

%: no passive effects
@: no status effects
A: no striking features
a: no special abilities


You were on level 3 of the Dungeon.
You visited 1 branch of the dungeon, and saw 3 of its levels.

You collected 113 gold pieces.

Inventory:

Hand Weapons
 a - a +0 falchion (weapon)
Armour
 b - a +0 chain mail (worn)
 d - an orb of light
 h - a +0 buckler (worn)
 k - a +0 pair of gloves (worn)
Scrolls
 e - a scroll of silence {unknown}
 g - a scroll of teleportation {unknown}
 j - a scroll of blinking {unknown}
 l - a scroll of identify {unknown}
 m - a scroll of vulnerability {unknown}
Potions
 c - a potion of ambrosia
 f - 2 potions of resistance {unknown}
 i - a potion of degeneration {unknown}
 n - a potion of curing {unknown}


   Skills:
 * Level 3.8 Fighting
 * Level 3.7 Long Blades
 * Level 1.8 Armour
 - Level 3.0 Dodging
 + Level 1.0 Shields


You had 3 spell levels left.
You didn't know any spells.
Your spell library contained the following spells:

 Spells                   Type           Power      Damage    Failure   Level
 Static Discharge         Conj/Air       0%         2-2/arc   100%        2
 Airstrike                Air            0%         2d(0-16)  100%        4
 Anguish                  Hex/Necr       0%         N/A       100%        4
 Cause Fear               Hex            0%         N/A       100%        4
 Summon Lightning Spire   Summ/Air       0%         N/A       100%        4
 Enfeeble                 Hex            0%         N/A       100%        7


Dungeon Overview and Level Annotations

Branches:
Dungeon (3/15)

Altars:

Annotations:
D:3 Ijyb


Message History

You hit Ijyb but do no damage.
Ijyb is lightly wounded.
The endoplasm freezes you.
You are frozen.
Ijyb hits you but does no damage.
You slash Ijyb!
Ijyb is heavily wounded.
You block Ijyb's attack. The endoplasm completely misses you.
You closely miss Ijyb.
Ijyb is heavily wounded.
Ijyb zaps a wand.
You barely resist.
The endoplasm hits you but does no damage.
You hit Ijyb but do no damage.
Ijyb is heavily wounded.
You block Ijyb's attack. The endoplasm freezes you.
You are frozen.
The endoplasm freezes you.
You are frozen.
Ijyb hits you with a +1 dagger of holy wrath.
You hit Ijyb but do no damage.
Ijyb is heavily wounded.
The endoplasm hits you but does no damage.
Ijyb hits you with a +1 dagger of holy wrath.
You completely miss Ijyb.
Ijyb is heavily wounded.
Ijyb zaps a wand.
Your mind is blasted!
* * * LOW HITPOINT WARNING * * *
The endoplasm hits you.
* * * LOW HITPOINT WARNING * * *
Unknown command.
You hit Ijyb but do no damage.
Ijyb is heavily wounded.
The endoplasm barely misses you.
Ijyb hits you with a +1 dagger of holy wrath.
* * * LOW HITPOINT WARNING * * *
Unknown command.
You hit Ijyb.
Ijyb is heavily wounded.
Ijyb hits you with a +1 dagger of holy wrath.
You die...

.PP..P ..P..PP.
..PP..P. ...... # #
....# .##.##
##+######..##......
.#......#..J.g...#
........#...@...#
#............#..#
..........$..# .#
#.# #....#...#..#
.. #.#
#.#.....##.## .#
#.####.#.#.......#
#
.........>.......#
##.####.)...###...#
.#.# #.#.#.# ...#


You could see Ijyb and an endoplasm.

Vanquished Creatures
  4 adders
  A gnoll (D:1)
  4 ball pythons
  A bat (D:1)
  5 endoplasms
  3 giant cockroaches
  5 goblins
  4 hobgoblins
  4 kobolds
  3 quokkas
  4 frilled lizards
  3 rats
41 creatures vanquished.

Notes
Turn   | Place    | Note
-------+----------+-------------------------------------------
     0 | D:1      | jagang the Human Monk began the quest for the Orb.
     0 | D:1      | Reached XP level 1. HP: 18/18 MP: 1/1
    93 | D:1      | Reached XP level 2. HP: 7/24 MP: 2/2
   372 | D:1      | Reached skill level 1 in Armour
   372 | D:1      | Reached XP level 3. HP: 17/29 MP: 3/3
   867 | D:2      | Reached XP level 4. HP: 28/36 MP: 4/4
  1459 | D:2      | Reached skill level 1 in Shields
  1551 | D:3      | Noticed Ijyb
  1567 | D:3      | Slain by Ijyb

Illustrated notes

Levels and vault maps discovered:
D:1:      nicolae_arrival_washed_ashore, layout_rooms
D:2:      layout_rooms, kennysheep_nub, kennysheep_big_empty_room,
          serial_bayou_pond_e, minmay_misc_feat_room
D:3:      layout_basic, mainiacjoe_overflow_cross_hatched, tso_oasis_becter,
          mainiacjoe_overflow_catch_the_wave,
          shapermc_ecumenical_altar_flowoftime, hangedman_abyss_or_decor_stabs,
          uniq_terence, uniq_ijyb

Skill      XL: |  1  2  3  4 |
---------------+-------------+-----
Armour         | 1 |  1.8
Shields        | 1 |  1.0
Fighting       | |  3.8
Long Blades    | |  3.7
Dodging        | |  3.0

Action                     |  1- 3 |  4- 6 || total
---------------------------+-------+-------++-------
  Melee: Falchion          |    61 |    75 ||   136
 Armour: Robe              |     2 |       ||     2
         Leather armour    |    10 |       ||    10
         Chain mail        |     9 |    54 ||    63
  Dodge: Dodged            |    32 |    22 ||    54
  Block: Buckler           |     9 |    21 ||    30
